 Dungeon Crawl Stone Soup version 0.21.1-1-g345015f (webtiles) character file.

632 PeterLawrence the Cudgeler (level 7, -1/61 HPs)
             Began as a Minotaur Fighter on May 7, 2018.
             Slain by a wraith (7 damage)
             ... in an ossuary.
             The game lasted 00:03:58 (3312 turns).

PeterLawrence the Cudgeler (Minotaur Fighter)       Turns: 3312, Time: 00:03:59

Health: -1/61      AC:  7    Str: 27    XL:     7   Next: 24%
Magic:  6/6        EV:  9    Int:  5    God:
Gold:   172        SH: 10    Dex: 10    Spells: 6/6 levels left

rFire    . . .     SeeInvis .   a - +0 flail
rCold    . . .     Gourm    .   c - +0 shield
rNeg     . . .     Faith    .   b - +0 scale mail
rPois    .         Spirit   .   (helmet restricted)
rElec    .         Reflect  .   (no cloak)
rCorr    .         Harm     .   (no gloves)
MR       .....                  (no boots)
Stlth    ..........             (no amulet)
HPRegen  0.20/turn              (no ring)
MPRegen  0.10/turn              (no ring)

@: mighty, slowed, very slow
A: retaliatory headbutt, horns 2
a: no special abilities


You were in an ossuary.
You were near starving.

You visited 1 branch of the dungeon, and saw 4 of its levels.
You also visited: Ossuary.

You collected 172 gold pieces.

Inventory:

Hand Weapons
 a - a +0 flail (weapon)
Armour
 b - a +0 scale mail (worn)
 c - a +0 shield (worn)
Jewellery
 r - an uncursed ring of wizardry {unknown}
Wands
 x - a wand of paralysis (9)
 y - a wand of iceblast (9)
Scrolls
 e - a scroll of immolation {unknown}
 g - 7 scrolls of remove curse {unknown}
 j - 5 scrolls of identify {unknown}
 k - 2 scrolls of magic mapping {unknown}
 m - a scroll of enchant weapon {unknown}
 n - 3 scrolls of teleportation {unknown}
 q - 3 scrolls of amnesia {unknown}
 s - a scroll of fear {unknown}
 v - a scroll of enchant armour {unknown}
Potions
 h - a potion of brilliance {unknown}
 i - a potion of ambrosia {unknown}
 l - 3 potions of degeneration {unknown}
 o - 2 potions of curing {unknown}
 p - a potion of berserk rage {unknown}
 t - a potion of invisibility {unknown}
 u - a potion of lignification {unknown}
 w - a potion of haste {unknown}
Comestibles
 f - 5 rations


   Skills:
 - Level 5.1 Fighting
 + Level 5.7 Maces & Flails
 - Level 5.4 Armour
 - Level 3.0 Dodging
 - Level 5.6 Shields


You had 6 spell levels left.
You didn't know any spells.

Dungeon Overview and Level Annotations

Branches:
Dungeon (4/15)
 Temple: D:4-7

Altars:
Qazlal


Innate Abilities, Weirdness & Mutations

You reflexively headbutt those who attack you in melee.
You have a pair of horns on your head.


Message History

You sock the wraith!
The wraith is severely damaged.
The wraith hits you but does no damage. You block the wraith's attack.
You closely miss the wraith. Your headbutt misses the wraith.
The wraith is severely damaged.
You block the wraith's attack. x2
You completely miss the wraith. Your headbutt misses the wraith.
The wraith is severely damaged.
The wraith hits you!
* * * LOW HITPOINT WARNING * * *
The wraith drains your vigour!
You feel as though you will be slow longer.
The wraith hits you.
* * * LOW HITPOINT WARNING * * *
The wraith drains your vigour!
You feel as though you will be slow longer.
You closely miss the wraith. You headbutt the wraith.
The wraith is almost destroyed.
The wraith hits you!
You die...

###############
#.............#
#.'##.###.##W@#
#.#.#.#z#.#.#.#
#.###.###.###.#
#.............#
#.............#
#.###.....###.#
#.#z#.....#z#.#
#.###.....###.#
#.............#


You could see a wraith.

Vanquished Creatures
  A wraith (Ossuary)
  The ghost of Cryoshakespeare the Chucker, an amateur OgHu (D:3)
  An ogre (D:4)
  2 wights (Ossuary)
  An orc wizard (D:4)
  An iguana (D:4)
  7 adders
  An ooze (D:4)
  A worm zombie (D:4)
  2 worms (D:4)
  2 dart slugs
  3 leopard geckos
  6 orcs
  A giant cockroach (D:2)
  8 hobgoblins
  12 kobolds
  A ball python (D:2)
  A ball python skeleton (Ossuary)
  8 bats
  4 frilled lizards
  8 goblins
  A jackal zombie (D:4)
  A kobold zombie (Ossuary)
  3 orc skeletons (Ossuary)
  An orc zombie (Ossuary)
  8 rats
  A rat zombie (D:4)
87 creatures vanquished.

Notes
Turn   | Place    | Note
-------+----------+-------------------------------------------
     0 | D:1      | PeterLawrence the Minotaur Fighter began the quest for the Orb.
     0 | D:1      | Reached XP level 1. HP: 19/19 MP: 0/0
   103 | D:1      | Reached XP level 2. HP: 20/27 MP: 1/1
   531 | D:1      | Reached skill level 1 in Dodging
   557 | D:1      | Reached XP level 3. HP: 33/33 MP: 2/2
   887 | D:2      | Reached XP level 4. HP: 20/40 MP: 3/3
  1848 | D:3      | Noticed Cryoshakespeare's ghost (amateur OgHu)
  1863 | D:3      | Killed Cryoshakespeare's ghost
  1863 | D:3      | Reached skill level 5 in Shields
  1863 | D:3      | Reached XP level 5. HP: 9/46 MP: 4/4
  2693 | D:4      | Noticed an ogre
  2698 | D:4      | Killed an ogre
  2698 | D:4      | Reached skill level 5 in Armour
  2698 | D:4      | Reached XP level 6. HP: 46/53 MP: 5/5
  2732 | D:4      | Found a stormy altar of Qazlal.
  2852 | D:4      | Found a sand-covered staircase.
  2885 | Ossuary  | Entered an ossuary
  3061 | Ossuary  | Reached skill level 5 in Maces & Flails
  3091 | Ossuary  | Noticed a flying skull
  3091 | Ossuary  | Noticed a wraith
  3097 | Ossuary  | Noticed a flying skull
  3124 | Ossuary  | Noticed a flying skull
  3132 | Ossuary  | Noticed a wraith
  3150 | Ossuary  | Killed a wraith
  3150 | Ossuary  | Reached skill level 5 in Fighting
  3150 | Ossuary  | Reached XP level 7. HP: 23/61 MP: 6/6
  3289 | Ossuary  | Noticed a flying skull
  3294 | Ossuary  | Noticed a wraith
  3312 | Ossuary  | Slain by a wraith

Skill      XL: |  1  2  3  4  5  6 |
---------------+-------------------+-----
Armour         | 4 5 |  5.4
Shields        | 4 5 |  5.6
Dodging        | 1 2 3 |  3.0
Maces & Flails | 3 4 5 |  5.7
Fighting       | 4 5 |  5.1

Action                   |  1- 3 |  4- 6 |  7- 9 || total
-------------------------+-------+-------+-------++-------
Melee: Flail             |    87 |   170 |    17 ||   274
       Headbutt          |     6 |    26 |     2 ||    34
  Use: Potion            |       |     2 |     1 ||     3
  Eat: Chunk             |       |     3 |       ||     3
       Ration            |       |     1 |       ||     1
Armor: Scale mail        |    37 |    55 |     4 ||    96
Dodge: Dodged            |    38 |    44 |     3 ||    85
Block: Shield            |    48 |   107 |    10 ||   165
